 Dungeon Crawl Stone Soup version 0.19.5 (webtiles) character file.

99 tidbits the Skirmisher (level 4, -2/33 HPs)
             Began as a High Elf Wanderer on Oct 31, 2017.
             Was an Initiate of Makhleb.
             Slain by Grinder (4 damage)
             ... on level 3 of the Dungeon.
             The game lasted 00:11:25 (1180 turns).

tidbits the Skirmisher (High Elf Wanderer)          Turns: 1180, Time: 00:11:26

Health: -2/33      AC:  5    Str: 10    XL:     4   Next: 45%
Magic:  3/7        EV: 11    Int: 13    God:    Makhleb [......]
Gold:   34         SH:  0    Dex: 17    Spells: 2 memorised, 2 levels left

rFire  . . .     SeeInvis .     a - +0 spear
rCold  . . .     Gourm    .     B - +0 ring mail
rNeg   . . .     Faith    .     (no shield)
rPois  .         Spirit   .     (no helmet)
rElec  .         Reflect  .     (no cloak)
rCorr  .         Harm     .     (no gloves)
MR     .....                    (no boots)
Stlth  +.........               (no amulet)
                                (no ring)
                                r - -2 ring of intelligence (curse)

@: about to teleport, very slightly contaminated, invisible
A: no striking features
a: Renounce Religion


You were on level 3 of the Dungeon.
You worshipped Makhleb.
Makhleb was noncommittal.
You were not hungry.

You visited 1 branch of the dungeon, and saw 3 of its levels.

You collected 34 gold pieces.

Inventory:

Hand Weapons
 a - a +0 spear (weapon)
 g - a +0 short sword
   (You found it on level 3 of the Dungeon)
Missiles
 o - 4 stones (quivered)
 p - 13 arrows
Armour
 d - a +0 robe
 B - a +0 ring mail (worn)
   (You found it on level 1 of the Dungeon)
Jewellery
 r - a cursed -2 ring of intelligence (left hand)
   (You found it on level 3 of the Dungeon)
Scrolls
 k - a scroll of identify {unknown}
 n - a scroll of remove curse {unknown}
 q - a scroll of random uselessness {unknown}
Books
 b - the Reference Book on Displacement

   Spells                             Type                      Level
   a - Apportation                    Translocation                1
   b - Recall                         Summoning/Translocation      3
 f - a book of Changes

   Spells                             Type                      Level
   a - Beastly Appendage              Transmutation                1
   b - Sticks to Snakes               Transmutation                2
   c - Spider Form                    Transmutation/Poison         3
   d - Ice Form                       Ice/Transmutation            4
   e - Blade Hands                    Transmutation                5
Comestibles
 c - 2 bread rations
 h - 3 chunks of flesh
 l - a meat ration
 m - a slice of pizza


   Skills:
 + Level 4.0 Fighting
 - Level 1.0 Throwing
 - Level 1.9 Dodging
   Level 1.0 Shields
 - Level 0.2 Unarmed Combat
 - Level 1.4 Spellcasting
 - Level 2.1 Transmutations
   Level 3.6 Air Magic


You had 2 spell levels left.
You knew the following spells:

 Your Spells              Type           Power        Failure   Level  Hunger
e - Beastly Appendage     Tmut           #.....       30%         1    ##.....
k - Sticks to Snakes      Tmut           #.......     43%         2    ###....


Dungeon Overview and Level Annotations

Branches:
Dungeon (3/15)

Altars:
Makhleb

Annotations:
D:2 Robin
D:3 Grinder


Message History

The orc struggles to escape constriction.
Your ball python bites the orc.
Your ball python constricts the orc.
The orc dies!
Your ball python barely misses the orc priest.
Your ball python grabs the orc priest.
Your ball python constricts the orc priest.
The orc priest looks satisfied for a moment.
Your ball python bites the orc priest.
Your ball python constricts the orc priest.
An orc comes into view. It is wielding a club.
The orc priest struggles to escape constriction.
Your ball python bites the orc priest.
Your ball python constricts the orc priest.
You hit the orc priest.
The orc priest is almost dead.
Your transformation is almost over.
Your ball python bites the orc priest but does no damage.
Your ball python constricts the orc priest.
The orc priest mumbles some strange prayers to Beogh against you.
Pain shoots through your body!
You hit the orc priest.
You kill the orc priest!
Your Fighting skill increases to level 4!
You hit the orc. Your headbutt misses the orc.
The orc is heavily wounded.
Your ball python bites the orc but does no damage.
Your ball python closely misses the orc.
The orc hits you but does no damage.
Your ring mail prevents you from hitting the orc.
The orc is heavily wounded.
Your ball python closely misses the orc. x2
The orc hits you but does no damage.
Your ball python bites the orc but does no damage.
Your ball python grabs the orc.
Your ball python constricts the orc.
You hit the orc but do no damage. You headbutt the orc, but do no damage.
The orc is heavily wounded.
The orc hits you with a club.
Your ball python bites the orc but does no damage.
Your ball python constricts the orc.
You hit the orc.
You kill the orc!
Your ball python withers and dies!
Items here: ( ))))) [ ††† Butcher an orc corpse? [(y)es/(c)hoosy/(n)o/(a)ll/(e)dible/(q)uit/?]
Butcher a goblin corpse? [(y)es/(c)hoosy/(n)o/(a)ll/(e)dible/(q)uit/?]
Okay, then.
You butcher the orc corpse.
Items here: % ( ))))) [ †† Unknown command.
Eat one of 4 chunks of flesh? (ye/n/q)
You start eating one of the 4 chunks of flesh.
This raw flesh tastes terrible.
o - 4 stones;
h - 3 chunks of flesh Your horns disappear.
Magic restored.
You open the door.
Found a burning altar of Makhleb.
There is an open door here.
There is a burning altar of Makhleb here.
You kneel at the altar of Makhleb.
Makhleb welcomes you! As you open the door, it creaks loudly!
You open the door.
There is an open door here.
Found a ring mail.
You see here a ring mail.
You see here a ring mail.
Grinder comes into view.
Grinder shouts!
Grinder gestures at you.
You suddenly lose the ability to move!
Grinder gestures at you.
You barely resist. Grinder hits you!
You writhe in agony.
You can move again.
It was a potion of heal wounds.
You feel much better. Grinder gestures at you. Pain shoots through your body!
Casting: Beastly Appendage
Confirm with . or Enter, or press ? or * to list all spells.
You miscast Sticks to Snakes.
You are very lightly contaminated with residual magic.
You smell something strange.
Grinder hits you.
You writhe in agony.
* * * LOW HITPOINT WARNING * * *
Casting: Sticks to Snakes
Confirm with . or Enter, or press ? or * to list all spells.
You create a snake!
You now have 13 arrows.
Grinder hits you.
* * * LOW HITPOINT WARNING * * *
You writhe in agony.
* * * LOW HITPOINT WARNING * * *
It was a potion of invisibility.
You fade into invisibility!
Grinder gestures at you. Pain shoots through your body!
* * * LOW HITPOINT WARNING * * *
Your adder closely misses Grinder.
Unknown command.
As you read the scroll of teleportation, it crumbles to dust.
You feel strangely unstable. Grinder hits you.
You die...

.......#.# ########.# #
#.....# # #.....# #
#.....# # #.# ## # #[#
.####.#
########.########......#
................@.......
########.########5######
#.# S# #.# .# #.# .# #.#
.# #.# .. #.# ## ### ..


You could see Grinder and a friendly adder.

Vanquished Creatures
  An orc priest (D:3)
  2 adders
  2 oozes
  An orc (D:3)
  3 giant cockroaches
  9 goblins
  4 hobgoblins
  5 jackals
  5 kobolds
  4 bats
  2 frilled lizards
  2 rats (D:1)
40 creatures vanquished.

Vanquished Creatures (collateral kills)
  An adder (D:3)
  3 orcs (D:3)
  2 goblins (D:3)
6 creatures vanquished.

Grand Total: 46 creatures vanquished

Notes
Turn   | Place    | Note
-------+----------+-------------------------------------------
     0 | D:1      | tidbits the High Elf Wanderer began the quest for the Orb.
     0 | D:1      | tidbits set off with: a book of Changes, the Reference Book on Displacement, a +0 spear, a +0 robe, a bread ration
     0 | D:1      | Reached XP level 1. HP: 14/14 MP: 2/2
     0 | D:1      | Identified the Reference Book on Displacement
    59 | D:1      | Reached skill level 1 in Spellcasting
    59 | D:1      | Reached XP level 2. HP: 15/19 MP: 3/5
    62 | D:1      | Learned a level 1 spell: Beastly Appendage
   152 | D:2      | Noticed Robin
   487 | D:2      | Reached XP level 3. HP: 20/25 MP: 6/6
   528 | D:2      | Reached skill level 3 in Fighting
   585 | D:2      | Learned a level 2 spell: Sticks to Snakes
   996 | D:3      | Reached XP level 4. HP: 11/32 MP: 1/7
  1094 | D:3      | Reached skill level 4 in Fighting
  1116 | D:3      | Found a burning altar of Makhleb.
  1119 | D:3      | Became a worshipper of Makhleb the Destroyer
  1172 | D:3      | Noticed Grinder
  1172 | D:3      | Paralysed by Grinder for 4 turns
  1179 | D:3      | HP: 1/33 [Grinder/nerve-wracking pain (9)]
  1180 | D:3      | Slain by Grinder

Skill      XL: |  1  2  3  4 |
---------------+-------------+-----
Spellcasting   | 1 |  1.4
Fighting       | 3 4 |  4.0
Throwing       | |  1.0
Dodging        | |  1.9
Shields        | |  1.0
Unarmed Combat | |  0.2
Transmutations | |  2.1
Air Magic      | |  3.6

Action                   |  1- 3 |  4- 6 || total
-------------------------+-------+-------++-------
Melee: Spear             |   142 |    10 ||   152
       Unarmed           |     7 |       ||     7
       Kick              |     3 |       ||     3
       Headbutt          |     1 |     1 ||     2
Throw: Stone             |       |     4 ||     4
 Cast: Beastly Appendage |     6 |     2 ||     8
       Sticks to Snakes  |     2 |     3 ||     5
  Use: Potion            |     1 |     3 ||     4
       Scroll            |       |     2 ||     2
 Stab: Sleeping          |     1 |       ||     1
  Eat: Chunk             |     1 |     1 ||     2
Armor: Ring mail         |    51 |     2 ||    53
       Skin              |     7 |       ||     7
Dodge: Dodged            |    88 |     6 ||    94

Table legend:
 A = Turns spent in this place as a percentage of turns spent in the entire game.
 B = Non-inter-level travel turns spent in this place as a percentage of non-inter-level travel turns spent in the entire game.
 C = Inter-level travel turns spent in this place as a percentage of turns spent in this place.
 D = Turns resting spent in this place as a percentage of non-inter-level travel turns spent in this place.
 E = Turns spent auto-exploring this place as a percentage of non-inter-level travel turns spent in this place.
 F = Non-inter-level travel turns spent in this place divided by the number of levels of this place that you've seen.
                   A       B       C       D       E      F
               +-------+-------+-------+-------+-------+----------------------
         Total | 100.0 | 100.0 |   0.1 |   0.0 |   0.0 | 338.7
       Dungeon | 100.0 | 100.0 |   0.1 |   0.0 |   0.0 | 338.7
               +-------+-------+-------+-------+-------+----------------------

Table legend:
 A = Kills in this place as a percentage of kills in entire the game.
 B = Kills by you in this place as a percentage of kills by you in the entire game.
 C = Kills by friends in this place as a percentage of kills by friends in the entire game.
 D = Other kills in this place as a percentage of other kills in the entire game.
 E = Experience gained in this place as a percentage of experience gained in the entire game.
 F = Experience gained in this place divided by the number of levels of this place that you have seen.
                   A       B       C       D       E      F
               +-------+-------+-------+-------+-------+----------------------
         Total | 100.0 | 100.0 | 100.0 |  -nan | 100.0 |  47.3
       Dungeon | 100.0 | 100.0 | 100.0 |  -nan | 100.0 |  47.3
               +-------+-------+-------+-------+-------+----------------------

Vault maps used:
D:1:      minmay_arrival_diagonal_passages
D:2:      minmay_misc_feat_nine_boxes, uniq_robin
D:3:      lemuel_doored_altar, corexii_corridor_pit, uniq_crazy_yiuf_cottage,
          uniq_grinder
